 Dungeon Crawl Stone Soup version 0.27-a0-695-gb4952372f7 (webtiles) character file.

Game seed: 15674493825451493974

17 sleeves the Firebug (level 2, -1/20 HPs)
             Began as a Ghoul Fire Elementalist on Mar 22, 2021.
             Hit by a stone thrown by a kobold (4 damage)
             ... on level 1 of the Dungeon.
             The game lasted 00:01:45 (679 turns).

sleeves the Firebug (Ghoul Fire Elementalist)        Turns: 679, Time: 00:01:45

Health: -1/20      AC:  4    Str: 11    XL:     2   Next: 62%
Magic:  3/3        EV: 12    Int: 10    God:
Gold:   19         SH:  0    Dex:  9    Spells: 3/4 levels left

rFire    . . .     SeeInvis .     - Unarmed
rCold    + . .     Faith    .   (no shield)
rNeg     + + +     Spirit   .   a - +0 robe
rPois    ∞         Reflect  .   (no helmet)
rElec    .         Harm     .   b - +0 cloak
rCorr    .         Rampage  .   (no gloves)
Will     .....                  e - +0 pair of boots
Stlth    ++........             (no amulet)
HPRegen  0.00/turn              (no ring)
MPRegen  0.08/turn              (no ring)

@: no status effects
A: claws 1, cold resistance 1, negative energy resistance 3, inhibited
regeneration, torment resistance 2, unbreathing 1
a: no special abilities


You were on level 1 of the Dungeon.
You visited 1 branch of the dungeon, and saw 1 of its levels.

You collected 19 gold pieces.

Inventory:

Armour
 a - a +0 robe (worn)
 b - a +0 cloak (worn)
   (You found it on level 1 of the Dungeon)
 e - a +0 pair of boots (worn)
   (You found it on level 1 of the Dungeon)
Scrolls
 c - a scroll of amnesia {unknown}
Potions
 d - a potion of heal wounds {unknown}


   Skills:
 - Level 1.7 Dodging
 - Level 2.1 Stealth
 + Level 2.4 Unarmed Combat
 - Level 1.7 Spellcasting
 - Level 0.7 Conjurations
 - Level 2.4 Fire Magic


You had 3 spell levels left.
You knew the following spells:

 Your Spells              Type           Power      Damage    Failure   Level
a - Foxfire               Conj/Fire      16%        2x1d4     17%         1

Your spell library contained the following spells:

 Spells                   Type           Power      Damage    Failure   Level
 Conjure Flame            Conj/Fire      4%         6-21      45%         3
 Inner Flame              Hex/Fire       3%         N/A       52%         3
 Sticky Flame             Conj/Fire      4%         2d3       86%         4
 Fireball                 Conj/Fire      2%         3d4       99%         5


Dungeon Overview and Level Annotations

Branches:
Dungeon (1/15)

Altars:


Innate Abilities, Weirdness & Mutations

You thrive by killing the living.
You are immune to poison.
You have sharp fingernails.
Your flesh is cold resistant. (rC+)
You are immune to negative energy. (rN+++)
You do not regenerate when monsters are visible.
You are immune to unholy pain and torment.
You can survive without breathing.


Message History

Welcome, sleeves the Ghoul Fire Elementalist.
It is said that the Orb of Zot exists deep within this dungeon.
Press ? for a list of commands and other information.
Found 12 poisoned darts.
Found a staircase leading out of the dungeon.
Unknown command.
You see here 12 poisoned darts.
You open the large door.
There is a large open door here.
There is a large open door here.
There is a large open door here.
Found a ring mail.
You see here a +0 ring mail.
Found a stone staircase leading down.
There is a stone staircase leading down here.
You now have 16 gold pieces.
b - a +0 cloak A rat comes into view.
A rat is nearby!
A rat is nearby!
The rat closely misses you.
You completely miss the rat. The rat barely misses you.
You scratch the rat.
The rat is heavily wounded.
The rat bites you.
You scratch the rat.
You kill the rat!
No target in view!
No target in view!
No target in view!
No target in view!
You start putting on your armour.
You continue putting on your +0 cloak. x4
You finish putting on your +0 cloak.
Search for what [? for help]?
Okay, then.
HP restored.
You see here a rat corpse.
Found an escape hatch in the floor.
A kobold comes into view.
A kobold is nearby!
A kobold is nearby!
You see here 3 gold pieces.
Found a scroll labelled JECAFE YWEB.
A quokka comes into view.
The kobold shouts!
The kobold closely misses you.
You barely miss the kobold. The kobold misses you.
You closely miss the kobold. The kobold hits you.
You scratch the kobold.
You kill the kobold!
You scratch the quokka.
The quokka is almost dead.
The quokka misses you.
You closely miss the quokka.
The quokka is almost dead.
The quokka bites you.
You are too injured to fight recklessly!
You are too injured to fight recklessly!
You are too injured to fight recklessly!
You are too injured to fight recklessly!
You are too injured to fight recklessly!
You scratch the quokka.
You kill the quokka!
You feel better.
Things that are here:
a quokka corpse; a kobold corpse You now have 19 gold pieces (gained 3).
Things that are here:
a quokka corpse; a kobold corpse
c - a scroll labelled JECAFE YWEB A dart slug comes into view.
A dart slug is nearby!
A dart slug is nearby!
The dart slug launches a dart at you. The slug dart misses you.
You see here a +0 pair of boots.
The dart slug launches a dart at you. The slug dart hits you.
You see here a metallic yellow potion.
You are too injured to fight recklessly!
You are too injured to fight recklessly!
You are too injured to fight recklessly!
You are too injured to fight recklessly!
You scratch the dart slug but do no damage.
The dart slug closely misses you.
You scratch the dart slug.
The dart slug is heavily wounded.
You scratch the dart slug but do no damage.
The dart slug is heavily wounded.
The dart slug closely misses you.
You scratch the dart slug.
The dart slug is heavily wounded.
The dart slug closely misses you.
You scratch the dart slug but do no damage.
The dart slug is heavily wounded.
You scratch the dart slug.
The dart slug is severely wounded.
The dart slug bites you but does no damage.
You scratch the dart slug.
You kill the dart slug!
You feel better.
Your Unarmed Combat skill increases to level 1!
You see here a dart slug corpse.
d - a metallic yellow potion
e - a +0 pair of boots You start putting on your armour.
You continue putting on your +0 pair of boots. x4
You finish putting on your +0 pair of boots.
A frilled lizard comes into view.
A frilled lizard is nearby!
A frilled lizard is nearby!
A frilled lizard is nearby!
The frilled lizard hisses angrily.
The frilled lizard closely misses you.
You scratch the frilled lizard but do no damage.
The frilled lizard barely misses you.
You miss the frilled lizard. The frilled lizard bites you.
You closely miss the frilled lizard. The frilled lizard misses you.
You scratch the frilled lizard.
You kill the frilled lizard!
No target in view!
No target in view!
A bat comes into view.
A bat is nearby!
The bat closely misses you.
You scratch the bat.
The bat is heavily wounded.
The bat closely misses you. x2
You closely miss the bat.
The bat is heavily wounded.
The bat misses you.
You scratch the bat.
You kill the bat!
You have reached level 2!
You conjure some foxfire!
You conjure some foxfire!
Your foxfire dissipates! x2
Your foxfire dissipates!
Magic restored.
You see here a bat corpse.
A bat comes into view.
A bat is nearby!
A bat is nearby!
A bat is nearby!
The bat hits you but does no damage. The bat completely misses you.
The bat closely misses you.
You closely miss the bat. The bat misses you.
You miss the bat. The bat hits you but does no damage. x2
You barely miss the bat. The bat hits you.
You barely miss the bat. The bat barely misses you.
You scratch the bat.
The bat is severely wounded.
The bat hits you but does no damage. x2
You scratch the bat.
You kill the bat!
You feel better.
No target in view!
No target in view!
A giant cockroach comes into view.
A giant cockroach is nearby!
A giant cockroach is nearby!
A frilled lizard comes into view.
The helpless giant cockroach fails to defend itself.
You scratch the giant cockroach but do no damage.
The giant cockroach barely misses you.
You closely miss the giant cockroach.
The giant cockroach bites you but does no damage.
The giant cockroach closely misses you.
You scratch the giant cockroach.
The giant cockroach is moderately wounded.
The giant cockroach misses you.
You closely miss the giant cockroach.
The giant cockroach is moderately wounded.
The giant cockroach closely misses you.
You scratch the giant cockroach.
The giant cockroach is severely wounded.
The giant cockroach closely misses you. The frilled lizard misses you.
You scratch the giant cockroach.
You kill the giant cockroach!
The frilled lizard bites you but does no damage.
Your Unarmed Combat skill increases to level 2!
You scratch the frilled lizard.
You kill the frilled lizard!
You see here a giant cockroach corpse.
A bat comes into view.
A bat is nearby!
You closely miss the bat. The bat closely misses you.
The bat closely misses you.
No target in view!
No target in view!
No target in view!
No target in view!
No target in view!
A bat is nearby!
You scratch the bat.
The bat is moderately wounded.
The bat hits you but does no damage.
You scratch the bat but do no damage. The bat closely misses you.
The bat hits you but does no damage. x2
You closely miss the bat. The bat hits you.
You closely miss the bat. The bat hits you but does no damage.
The bat hits you.
You barely miss the bat. The bat barely misses you. The bat hits you.
The bat misses you.
You barely miss the bat. The bat hits you but does no damage.
The bat closely misses you.
You closely miss the bat. The bat hits you but does no damage.
You scratch the bat.
The bat is moderately wounded.
The bat hits you but does no damage.
No target in view!
No target in view!
A bat is nearby!
A bat is nearby!
You miss the bat. The bat barely misses you. The bat barely misses you.
The bat barely misses you.
You barely miss the bat. The bat hits you but does no damage. The bat hits you.
No target in view!
No target in view!
No target in view!
No target in view!
No target in view!
No target in view!
No target in view!
The bat hits you but does no damage.
A bat is nearby!
You scratch the bat.
The bat is heavily wounded.
The bat barely misses you. The bat hits you but does no damage.
No target in view!
No target in view!
No target in view!
No target in view!
No target in view!
No target in view!
No target in view!
No target in view!
No target in view!
No target in view!
No target in view!
No target in view!
No target in view!
No target in view!
A bat is nearby!
No target in view!
No target in view!
No target in view!
No target in view!
No target in view!
No target in view!
No target in view!
No target in view!
No target in view!
No target in view!
No target in view!
No target in view!
No target in view!
No target in view!
No target in view!
A bat is nearby!
You scratch the bat.
You kill the bat!
You feel better.
No target in view!
No target in view!
No target in view!
No target in view!
No target in view!
No target in view!
No target in view!
No target in view!
No target in view!
No target in view!
No target in view!
No target in view!
A hobgoblin comes into view.
A hobgoblin is nearby!
A hobgoblin is nearby!
The hobgoblin shouts!
The hobgoblin hits you.
You closely miss the hobgoblin. The hobgoblin barely misses you.
You scratch the hobgoblin.
The hobgoblin is almost dead.
The hobgoblin closely misses you.
You scratch the hobgoblin.
You kill the hobgoblin!
You feel better.
No target in view!
No target in view!
No target in view!
No target in view!
No target in view!
A bat comes into view.
A bat is nearby!
The bat hits you but does no damage.
You scratch the bat.
You kill the bat!
No target in view!
No target in view!
No target in view!
No target in view!
No target in view!
No target in view!
No target in view!
Found a stone staircase leading down.
Found a dagger.
No target in view!
No target in view!
No target in view!
No target in view!
No target in view!
No target in view!
No target in view!
No target in view!
No target in view!
No target in view!
A kobold and a dart slug come into view.
Found a scroll labelled UPOTINICEN.
Found a stone staircase leading down.
You scratch the dart slug.
The dart slug is lightly wounded.
The kobold shouts!
The dart slug bites you but does no damage.
You scratch the dart slug.
The dart slug is moderately wounded.
You scratch the dart slug.
The dart slug is heavily wounded.
The dart slug bites you.
You scratch the dart slug.
The dart slug is severely wounded.
The dart slug barely misses you.
You scratch the dart slug.
The dart slug is almost dead.
The kobold throws a stone.
The stone hits you.
You scratch the dart slug but do no damage.
The dart slug is almost dead.
The dart slug misses you.
You scratch the dart slug.
You kill the dart slug!
The kobold hits you with a +0 dagger.
You barely miss the kobold. The kobold closely misses you.
You closely miss the kobold. The kobold hits you with a +0 dagger.
* * * LOW HITPOINT WARNING * * *
You are too injured to fight recklessly!
You are too injured to fight recklessly!
You are too injured to fight recklessly!
You are too injured to fight recklessly!
You are too injured to fight recklessly!
You are too injured to fight recklessly!
You are too injured to fight recklessly!
You are too injured to fight recklessly!
You are too injured to fight recklessly!
The kobold throws a stone.
The stone hits you.
* * * LOW HITPOINT WARNING * * *
You scratch the kobold.
The kobold is moderately wounded.
You barely miss the kobold.
The kobold is moderately wounded.
The kobold barely misses you.
You barely miss the kobold.
The kobold is moderately wounded.
The kobold closely misses you.
You scratch the kobold but do no damage.
The kobold is moderately wounded.
The kobold barely misses you.
The kobold throws a stone.
The stone hits you but does no damage.
The kobold throws a stone.
The stone hits you.
* * * LOW HITPOINT WARNING * * *
The kobold throws a stone.
The stone misses you.
The kobold throws a stone.
The stone closely misses you.
The kobold throws a stone.
The stone hits you.
You die...

....## # #.# #..# ##. ...##
#.# #.# ##.# #. ####
#...##.##### #.# #. #
#........# #.### ## ##
###...##.######..†# # .#
###.##†.........# .#
#..##.######### K###
####..#.# ...# ##..@....#
##.##########..###.#.######
##.......KK................
......#####.....###..######
###.### #.##### #..#######
#.### #.# ##.......###
#...# ##.# ###.......####
###.####..# ######.....#
##.#....## ##....#


You could see a kobold.

Vanquished Creatures
  2 dart slugs (D:1)
  4 bats (D:1)
  A giant cockroach (D:1)
  A hobgoblin (D:1)
  A quokka (D:1)
  2 frilled lizards (D:1)
  A kobold (D:1)
  A rat (D:1)
13 creatures vanquished.

Vanquished Creatures (others)
  3 foxfires (D:1)
3 creatures vanquished.

Grand Total: 16 creatures vanquished

Notes
Turn   | Place    | Note
-------+----------+-------------------------------------------
     0 | D:1      | sleeves the Ghoul Fire Elementalist began the quest for the
                  | Orb.
     0 | D:1      | Reached XP level 1. HP: 14/14 MP: 2/2
   228 | D:1      | Reached skill level 1 in Unarmed Combat
   423 | D:1      | Reached XP level 2. HP: 20/20 MP: 3/3
   493 | D:1      | Reached skill level 2 in Unarmed Combat
   650 | D:1      | HP: 9/20 [kobold/+0 dagger (5)]
   666 | D:1      | HP: 3/20 [kobold/stone (2)]
   679 | D:1      | Hit by a stone thrown by a kobold

Illustrated notes

Levels and vault maps discovered:
D:1:      saegor_arrival_simple_e, layout_rooms, minmay_misc_feat_hallway

Skill      XL: |  1  2 |
---------------+-------+-----
Unarmed Combat | 1 2 |  2.4
Dodging        | |  1.7
Stealth        | |  2.1
Spellcasting   | |  1.7
Conjurations   | |  0.7
Fire Magic     | |  2.4

Action                   || total
-------------------------++-------
Melee: Unarmed           ||    66
 Cast: Foxfire           ||     2
 Stab: Sleeping          ||     1
Armor: Robe              ||    21
Dodge: Dodged            ||    46

Table legend: (Time is in decaauts)
 A = Elapsed time spent in this place.
 B = Non-inter-level travel time spent in this place.
 C = Inter-level travel time spent in this place.
 D = Time resting spent in this place.
 E = Time spent auto-exploring this place.
 F = Levels seen in this place.
 G = Mean time per level.
                   A        B        C        D        E       F      G
               +--------+--------+--------+--------+--------+-----+--------+
         Total |    677 |    677 |      0 |      0 |    501 |   1 |  677.0 |
       Dungeon |    677 |    677 |      0 |      0 |    501 |   1 |  677.0 |
               +--------+--------+--------+--------+--------+-----+--------+

Top non-repeatable levels by time:
     D:1: 677 daAuts
